 Dungeon Crawl Stone Soup version 0.30-a0-371-gad7725a93e (webtiles) character file.

Game seed: 6195250243471155439

217 night the Shooter (level 5, -19/33 HPs)
             Began as a Gargoyle Hunter on Nov 20, 2022.
             Demolished by an ogre
             ... wielding a +0 giant spiked club
              (33 damage)
             ... on level 4 of the Dungeon.
             The game lasted 00:05:09 (2677 turns).

night the Shooter (Gargoyle Hunter)                 Turns: 2677, Time: 00:05:10

Health: -19/33     AC:  7    Str: 14    XL:     5   Next: 94%
Magic:  0/5        EV: 12    Int: 10    God:
Gold:   190        SH:  0    Dex: 15    Spells: 4/4 levels left

rFire   . . .      SeeInvis .    a - +0 shortbow
rCold   + . .      Faith    .    (shield currently unavailable)
rNeg    + . .      Spirit   +    f - +0 leather armour {rC+}
rPois   ∞          Reflect  .    (no helmet)
rElec   +          Harm     .    (no cloak)
rCorr   .          Rampage  .    (no gloves)
Will    .....                    (no boots)
Stlth   ++........               l - amulet of guardian spirit
HPRegen 0.25/turn                (no ring)
MPRegen 0.09/turn                (no ring)

@: no status effects
A: sickness immunity, AC +4, negative energy resistance 1, electricity
resistance, torment resistance 1, petrification resistance
a: no special abilities


You were on level 4 of the Dungeon.
You visited 1 branch of the dungeon, and saw 6 of its levels.

You collected 190 gold pieces.

Inventory:

Hand Weapons
 a - a +0 shortbow (weapon)
Missiles
 d - 3 boomerangs of dispersal
 e - 6 poisoned darts
 g - 24 stones
 o - 2 atropa-tipped darts
Armour
 f - a +0 leather armour of cold resistance (worn)
 k - a +2 scale mail of willpower
Jewellery
 l - an amulet of guardian spirit (around neck)
Scrolls
 b - a scroll of immolation
 c - a scroll of identify
 m - 3 scrolls of noise
 n - a scroll of poison {unknown}
Potions
 h - a potion of lignification {unknown}
 i - 3 potions of curing
 j - a potion of might {unknown}
 p - a potion of flight {unknown}


   Skills:
 + Level 4.1 Fighting
 + Level 5.1 Ranged Weapons
 + Level 3.1 Dodging
 - Level 1.1 Stealth


You had 4 spell levels left.
You didn't know any spells.
Your spell library contained the following spells:

 Spells                   Type           Power      Damage    Failure   Level
 Apportation              Tloc           0%         N/A       43%         1
 Necrotise                Necr           0%         1d4       43%         1
 Summon Small Mammal      Summ           0%         N/A       43%         1


Dungeon Overview and Level Annotations

Branches:
Dungeon (6/15)
 Temple: D:4-7

Altars:
Dithmenos
Fedhas
Hepliaklqana
Uskayaw
Zin

Annotations:
D:2 1 runed translucent door, Crazy Yiuf
D:4 Edmund


Innate Abilities, Weirdness & Mutations

You are immune to sickness and miasma.
Your stone body is resilient. (AC +4)
You are immune to poison.
You resist negative energy. (rN+)
You are resistant to electric shocks. (rElec)
You are resistant to unholy torment.
You are immune to petrification.


Message History

The adder bites you but does no damage. The adder barely misses you.
You shoot an arrow. The arrow completely misses the adder.
The adder misses you. The adder barely misses you.
You shoot an arrow. The arrow hits the adder!
You kill the adder!
No target in view!
No target in view!
No target in view!
No target in view!
No target in view!
No target in view!
HP restored.
You see here an adder corpse.
An ogre comes into view. It is wielding a +0 giant spiked club.
The ogre shouts!
The ogre moves out of view.
An ogre is nearby!
You aren't carrying any items that you can evoke.
Throw: 4 darts (atropa)
Press: ? - help, Shift-Dir - straight line, f - ogre
Aim: an ogre, wielding a +0 giant spiked club (75% to hit, chance to blind on hit: 27%)
You throw an atropa-tipped dart. The atropa-tipped dart hits the ogre.
The ogre resists.
Throw: 3 darts (atropa)
Press: ? - help, Shift-Dir - straight line, f/p - ogre
Aim: an ogre, wielding a +0 giant spiked club (75% to hit, chance to blind on hit: 27%)
You throw an atropa-tipped dart.
The atropa-tipped dart barely misses the ogre.
You shoot an arrow. The arrow hits the ogre!
The ogre is moderately wounded.
The ogre hits you with a +0 giant spiked club!!
Ouch! That really hurt!
You shoot an arrow. The arrow hits the ogre!
The ogre is severely wounded.
The ogre closely misses you.
You shoot an arrow. The arrow hits the ogre.
The ogre is severely wounded.
The ogre hits you with a +0 giant spiked club!!!
Ouch! That really hurt!
You die...

..........
............ .##
.....<...... ...
...........#
..#####
...........#
.....#### ...###
#....##..
......###....##.#
#........# #.#
#..O@....###.#
##...##..#...#
#(###.#....†.# #.
#...#..)<.# #
#...##....#
#...##....#
##.#......#
.##.....># ..
#.##...####..#


You could see an ogre.

Vanquished Creatures
  A jelly (D:4)
  Ijyb (D:2)
  Terence (D:3)
  An iguana (D:4)
  A gnoll (D:4)
  4 adders
  An ufetubus (D:4)
  A worm (D:2)
  3 dart slugs
  An orc (D:4)
  3 ball pythons (D:1)
  5 bats
  2 giant cockroaches
  5 goblins
  6 hobgoblins
  4 jackals (D:2)
  7 kobolds
  2 quokkas
  3 frilled lizards
  4 rats
56 creatures vanquished.

Notes
Turn   | Place    | Note
-------+----------+-------------------------------------------
     0 | D:1      | night the Gargoyle Hunter began the quest for the Orb.
     0 | D:1      | Reached XP level 1. HP: 12/12 MP: 1/1
   192 | D:1      | Reached XP level 2. HP: 18/18 MP: 2/2
   390 | D:1      | Reached skill level 2 in Dodging
   650 | D:1      | Reached XP level 3. HP: 22/22 MP: 3/3
  1186 | D:2      | Reached XP level 4. HP: 26/28 MP: 4/4
  1517 | D:2      | Found a runed translucent door.
  1518 | D:2      | Noticed Crazy Yiuf
  1857 | D:3      | Noticed Ijyb
  1883 | D:2      | Killed Ijyb
  1922 | D:3      | You fall into a shaft and drop 3 floors!
  1936 | D:6      | Noticed a steam dragon
  1939 | D:5      | Entered Level 5 of the Dungeon
  1955 | D:4      | Reached XP level 5. HP: 33/33 MP: 5/5
  2049 | D:4      | Reached skill level 5 in Ranged Weapons
  2083 | D:4      | Found a shadowy altar of Dithmenos.
  2083 | D:4      | Noticed Edmund
  2161 | D:3      | Found a hide-covered altar of Uskayaw.
  2162 | D:3      | Found a blossoming altar of Fedhas.
  2163 | D:3      | Found a glowing silver altar of Zin.
  2164 | D:3      | Found a hazy altar of Hepliaklqana.
  2339 | D:3      | Noticed Terence
  2360 | D:3      | Killed Terence
  2671 | D:4      | Noticed an ogre
  2677 | D:4      | Demolished by an ogre

Illustrated notes

Levels and vault maps discovered:
D:1:      tarquinn_simple_flora_water_e, layout_basic
D:2:      layout_basic, minivault_25, corexii_corridor_pit,
          uniq_crazy_yiuf_cottage
D:3:      layout_rooms, mainiacjoe_overflow_alcove_3, chequers_arboretum,
          uniq_ijyb, uniq_terence
D:4:      nicolae_cairo_tiling, layout_cave_pools, grunt_dithmenos_smoke,
          kennysheep_generic_room_11, uniq_edmund
D:5:      lemuel_ratsnest, layout_loops_ring,
          mainiacjoe_overflow_six_doors_small, gammafunk_ghost_mausoleum,
          uniq_eustachio, uniq_prince_ribbit1
D:6:      layout_rooms, minmay_temple_entry_glass, lemuel_flamethrower_2

Skill      XL: |  1  2  3  4  5 |
---------------+----------------+-----
Dodging        | 2 3 |  3.1
Fighting       | 3 4 |  4.1
Ranged Weapons | 5 |  5.1
Stealth        | |  1.1

Action                   |  1- 3 |  4- 6 || total
-------------------------+-------+-------++-------
 Fire: Shortbow          |   104 |   141 ||   245
Throw: Dart              |       |     2 ||     2
  Use: Scroll            |       |     3 ||     3
       Potion            |       |     2 ||     2
Armor: Leather armour    |    27 |    29 ||    56
Dodge: Dodged            |    46 |   108 ||   154

Table legend: (Time is in decaauts)
 A = Elapsed time spent in this place.
 B = Non-inter-level travel time spent in this place.
 C = Inter-level travel time spent in this place.
 D = Time resting spent in this place.
 E = Time spent auto-exploring this place.
 F = Levels seen in this place.
 G = Mean time per level.
                   A        B        C        D        E       F      G
               +--------+--------+--------+--------+--------+-----+--------+
         Total |   2750 |   2686 |     64 |     29 |   2126 |   6 |  458.3 |
       Dungeon |   2750 |   2686 |     64 |     29 |   2126 |   6 |  458.3 |
               +--------+--------+--------+--------+--------+-----+--------+

Top non-repeatable levels by time:
     D:1: 977 daAuts
     D:2: 975 daAuts
     D:3: 559 daAuts
     D:4: 210 daAuts
     D:6: 16 daAuts
     D:5: 10 daAuts
